 Dungeon Sprint DCSS version 0.30-a0-715-gdb4ae3ece1 (webtiles) character file.

Game seed: 12936400470854647120

0 rocky1 the Cudgeller (level 5, -1/51 HPs)
             Began as a Gargoyle Gladiator on Jan 24, 2023.
             Was an Initiate of Gozag.
             Slain by a phantom (3 damage)
             ... in the Dungeon (Sprint VI: "Thunderdome").
             The game lasted 00:01:04 (150 turns).

rocky1 the Cudgeller (Gargoyle Gladiator)            Turns: 150, Time: 00:01:05

Health: -1/51      AC:  8    Str: 20    XL:     5   Next: 74%
Magic:  5/5        EV: 13    Int:  8    God:    Gozag
Gold:   317        SH:  0    Dex: 11    Spells: 4/4 levels left

rFire   . . .      SeeInvis .    a - +0 flail
rCold   . . .      Faith    .    (no shield)
rNeg    + . .      Spirit   .    b - +0 leather armour
rPois   ∞          Reflect  .    c - +0 helmet
rElec   +          Harm     .    (no cloak)
rCorr   .          Rampage  .    (no gloves)
Will    .....      NoTele   +    (no boots) Stlth
                                 (no amulet)
HPRegen 0.28/turn                (no ring)
MPRegen 0.09/turn                (no ring)

@: berserking (expiring), very quick
A: sickness immunity, AC +4, negative energy resistance 1, electricity
resistance, torment resistance 1, petrification resistance
a: Renounce Religion, Potion Petition, Call Merchant, Bribe Branch


You were in the Dungeon.
You worshipped Gozag.
Gozag was aware of your devotion.
You visited 1 branch You collected 317 gold pieces.

Inventory:

Hand Weapons
 a - a +0 flail (weapon)
Missiles
 d - 3 throwing nets (quivered)
 e - a javelin
Armour
 b - a +0 leather armour (worn)
 c - a +0 helmet (worn)
Wands
 m - a wand of acid (2)
 n - a wand of roots (1)
Scrolls
 k - 4 scrolls of blinking
 o - 3 scrolls of fog
Potions
 f - a potion of curing
 g - 4 potions of heal wounds
 h - 4 potions of haste
 i - 2 potions of magic
 l - a potion of resistance


   Skills:
 + Level 4.4 Fighting
 + Level 7.4 Maces & Flails
 + Level 3.6 Throwing
 + Level 2.0 Armour
 + Level 6.1 Dodging
 + Level 2.0 Evocations


You had 4 spell levels left.
You didn't know any spells.
Your spell library was empty.

Dungeon Overview and Level Annotations

Branches:
Dungeon (1/1)

Altars:
Cheibriados
Dithmenos
Fedhas
Gozag
Kikubaaqudgha
Makhleb
Okawaru
Qazlal
Ru
Sif Muna
Trog
Uskayaw
Vehumet
Wu Jian
Xom
Yredelemnul
Zin
The Shining One
Lugonu

Shops:
D *[??*?*:[((!!!!


Innate Abilities, Weirdness & Mutations

You are immune to sickness and miasma.
Your stone body is resilient. (AC +4)
You are immune to poison.
You resist negative energy. (rN+)
You are resistant to electric shocks. (rElec)
You are resistant to unholy torment.
You are immune to petrification.


Message History

The phantom hits you but does no damage.
The phantom hits you.
* * * LOW HITPOINT WARNING * * *
You miss the phantom.
The phantom is heavily damaged.
The phantom barely misses you.
The phantom hits you but does no damage.
You bludgeon the phantom!!
You destroy the phantom! 50...
Your Fighting skill increases to level 4!
Your Maces & Flails skill increases to level 7!
Your Armour skill increases to level 2!
Your Dodging skill increases to level 6!
Your Evocations skill increases to level 2!
The phantom closely misses you.
You see here 63 gold pieces.
You miss the phantom. The phantom hits you.
* * * LOW HITPOINT WARNING * * *
You barely miss the phantom. You barely miss the phantom. The phantom hits you.
* * * LOW HITPOINT WARNING * * *
You hit the phantom.
The phantom is lightly damaged.
The phantom hits you but does no damage.
You closely miss the phantom.
The phantom is lightly damaged.
You closely miss the phantom.
The phantom is lightly damaged.
The phantom hits you.
* * * LOW HITPOINT WARNING * * *
You miss the phantom.
The phantom is lightly damaged.
The phantom hits you.
* * * LOW HITPOINT WARNING * * *
You sock the phantom!
The phantom is severely damaged.
The phantom hits you.
You die...
Your body crumbles into a pile of gold.

..........###...........
.......###...###........
.......# #.<.# #........
.......###...###........
..........###...........
........8.# #.8........∩
∩___......###......___∩#
#####.8.........8.######
#⌠..........@⌠#
###........W###
#_......._# #.....$.$_#
#_......._# #∩.......∩#
##∩.....∩## ##.....##


You could see a phantom.

Vanquished Creatures
  A phantom (D)
  2 necrophages (D)
  A bat skeleton (D)
  A ball python zombie (D)
5 creatures vanquished.

Notes
Turn   | Place    | Note
-------+----------+-------------------------------------------
     0 | D        | rocky1 the Gargoyle Gladiator began the quest for the Orb.
     0 | D        | Reached XP level 1. HP: 12/12 MP: 1/1
     4 | D        | Found an ancient bone altar of Kikubaaqudgha.
     4 | D        | Found a shimmering altar of Xom.
     5 | D        | Found a burning altar of Makhleb.
     5 | D        | Found a shadowy altar of Dithmenos.
     5 | D        | Round 1.
     6 | D        | Found a snail-covered altar of Cheibriados.
     6 | D        | Found a stormy altar of Qazlal.
     7 | D        | Found Weac's Distillery.
     7 | D        | Found a radiant altar of Vehumet.
     7 | D        | Found a shimmering blue altar of Sif Muna.
     7 | D        | Found Pahyety's Do-It-Yourself Clinic.
     8 | D        | Found Feyn's Distillery.
     8 | D        | Found Ushry's Bottled Wisdom.
     9 | D        | Found an iron altar of Okawaru.
    10 | D        | Found a glowing silver altar of Zin.
    10 | D        | Found a corrupted altar of Lugonu.
    10 | D        | Found Dyfokum's Staff Store.
    10 | D        | Found Vutunkot's Magic Scroll Shop.
    11 | D        | Found Myahis Nago's Must-Have Magic.
    11 | D        | Found Xoetzij's Magic Scroll Shop.
    17 | D        | Found a hide-covered altar of Uskayaw.
    17 | D        | Found an opulent altar of Gozag.
    17 | D        | Found a blossoming altar of Fedhas.
    17 | D        | Found Pehuynif's Identification Station.
    18 | D        | Found Foiwyr's Jewellery.
    18 | D        | Found Ymmoish's Advanced Armour.
    21 | D        | Found a glowing golden altar of the Shining One.
    25 | D        | Became a worshipper of Gozag Ym Sagoz the Greedy
    29 | D        | Found a basalt altar of Yredelemnul.
    29 | D        | Found Wozxolut's Premium Goods.
    30 | D        | Noticed a necrophage
    31 | D        | Found an ornate altar of the Wu Jian Council.
    31 | D        | Found a bloodstained altar of Trog.
    31 | D        | Found a sacrificial altar of Ru.
    31 | D        | Found Romnaf's Weapon Rack.
    35 | D        | Found Rugal's Miscellaneous Merchandise.
    35 | D        | Found Udasuoti's Basic Armour.
    41 | D        | Killed a necrophage
    42 | D        | Reached skill level 5 in Maces & Flails
    42 | D        | Reached skill level 1 in Evocations
    42 | D        | Reached XP level 2. HP: 3/19 MP: 2/2
    42 | D        | Reached XP level 3. HP: 4/23 MP: 3/3
    42 | D        | Reached XP level 4. HP: 5/28 MP: 4/4
   127 | D        | Noticed a phantom
   127 | D        | Noticed a phantom
   127 | D        | Noticed a necrophage
   134 | D        | Killed a necrophage
   135 | D        | Reached skill level 6 in Maces & Flails
   135 | D        | Reached skill level 1 in Armour
   135 | D        | Reached skill level 5 in Dodging
   135 | D        | Reached XP level 5. HP: 22/33 MP: 5/5
   141 | D        | Killed a phantom
   142 | D        | Reached skill level 7 in Maces & Flails
   149 | D        | HP: 2/51 [phantom (3)]
   150 | D        | Slain by a phantom

Illustrated notes

Levels and vault maps discovered:
D:        arena_sprint

Skill      XL: |  1  2  3  4  5 |
---------------+----------------+-----
Fighting       | 3 4 |  4.4
Maces & Flails | 5 6 7 |  7.4
Throwing       | 2 3 |  3.6
Dodging        | 4 5 6 |  6.1
Evocations     | 1 2 |  2.0
Armour         | 1 2 |  2.0

Action                     |  1- 3 |  4- 6 || total
---------------------------+-------+-------++-------
  Melee: Flail             |     5 |    18 ||    23
         Punch             |     1 |       ||     1
  Evoke: Wand              |     4 |     3 ||     7
    Use: Potion            |       |     1 ||     1
 Armour: Leather armour    |     1 |     5 ||     6
  Dodge: Dodged            |     3 |     8 ||    11

Table legend: (Time is in decaauts)
 A = Elapsed time spent in this place.
 B = Non-inter-level travel time spent in this place.
 C = Inter-level travel time spent in this place.
 D = Time resting spent in this place.
 E = Time spent auto-exploring this place.
 F = Levels seen in this place.
 G = Mean time per level.
                   A        B        C        D        E       F      G
               +--------+--------+--------+--------+--------+-----+--------+
         Total |    147 |    147 |      0 |     78 |      0 |   1 |  147.0 |
       Dungeon |    147 |    147 |      0 |     78 |      0 |   1 |  147.0 |
               +--------+--------+--------+--------+--------+-----+--------+

Top non-repeatable levels by time:
       D: 147 daAuts
